General information
- name: BNet
- type: Ladder team game (AT/RT)
- host: Battle.net
- saver: fatf4ggotjake
map: MarketSquare
- players: 8
- length: 24:27
- speed: Fast
- version: 1.27 W3XP
- replay type: Public
» download(144 KB)
Players
team 1 (winner)
imaschoolboytoo (
purple | 40 APM | 965 actions | 24:25)
5 Blademaster
2 Wind Walk
3 Critical Strike
3 Shadow Hunter
2 Healing Wave
1 Hex
» actions
| Basic commands | 20 | |
| Build / train | 66 | |
| Enter build submenu | 11 | |
| Enter hero's abilities submenu | 8 | |
| Remove unit from queue | 10 | |
| Right click | 416 | |
| Select / deselect | 361 | |
| Use ability | 72 | |
965 total
» units
| Peon | 21 | |
| Wind Rider | 8 | |
| Troll Batrider | 5 | |
| Troll Witch Doctor | 2 | |
| Shaman | -3 | |
33 total
» upgrades
| Ranged Weapons | 2 | |
| Armor | 2 | |
| Reinforced Defenses | 1 | |
5 total
» buildings
| Altar of Storms | 1 | |
| Orc Burrow | 4 | |
| Voodoo Lounge | 1 | |
| War Mill | 1 | |
| Stronghold | 1 | |
| Beastiary | 2 | |
| Great Hall | 2 | |
| Fortress | 1 | |
13 total
» build order
00:09 Altar of Storms
00:20 Orc Burrow
00:51 Voodoo Lounge
01:45 War Mill
02:20 Stronghold
02:37 Orc Burrow
02:50 Orc Burrow
04:36 Orc Burrow
04:47 Beastiary
04:49 Beastiary
07:27 Great Hall
13:27 Great Hall
14:44 Fortress
» items
| Healing Salve | 3 | |
| Scroll of Town Portal | 1 | |
| Lesser Clarity Potion | 2 | |
6 total
fatf4ggotjake (
teal | 113 APM | 2757 actions | 24:27)
5 Death Knight
3 Death Coil
2 Unholy Aura
3 Lich
2 Frost Nova
1 Frost Armor
» actions
| Assign group hotkey | 29 | |
| Basic commands | 147 | |
| Build / train | 104 | |
| ESC pressed | 5 | |
| Enter build submenu | 25 | |
| Enter hero's abilities submenu | 8 | |
| Give item / drop item | 7 | |
| Right click | 1198 | |
| Select / deselect | 391 | |
| Select group hotkey | 711 | |
| Use ability | 132 | |
2757 total
» units
| Acolyte | 12 | |
| Ghoul | 3 | |
| Crypt Fiend | 8 | |
| Abomination | 1 | |
| Meatwagon | 4 | |
28 total
» upgrades
| Creature Attack | 3 | |
| Creature Carapace | 2 | |
| Burrow | 1 | |
| Web | 1 | |
| Disease Cloud | 1 | |
| Unholy Strength | 3 | |
| Unholy Armor | 1 | |
12 total
» buildings
| Graveyard | 1 | |
| Crypt | 1 | |
| Altar of Darkness | 1 | |
| Ziggurat | 7 | |
| Tomb of Relics | 2 | |
| Necropolis | 1 | |
| Halls of the Dead | 4 | |
| Nerubian Tower | 4 | |
| Spirit Tower | 15 | |
| Black Citadel | 3 | |
| Slaughterhouse | 2 | |
| Sacrificial Pit | 2 | |
43 total
» build order
00:07 Graveyard
00:12 Crypt
00:42 Altar of Darkness
00:57 Ziggurat
01:25 Tomb of Relics
02:03 Ziggurat
03:54 Ziggurat
05:01 Necropolis
05:40 Ziggurat
05:56 Halls of the Dead
05:56 Halls of the Dead
05:56 Halls of the Dead
06:22 Ziggurat
06:42 Nerubian Tower
06:43 Nerubian Tower
06:44 Nerubian Tower
06:45 Nerubian Tower
07:13 Spirit Tower
07:14 Spirit Tower
07:14 Spirit Tower
08:05 Ziggurat
08:10 Tomb of Relics
08:13 Ziggurat
10:51 Black Citadel
10:51 Black Citadel
11:12 Spirit Tower
11:13 Spirit Tower
11:13 Spirit Tower
12:18 Spirit Tower
12:18 Spirit Tower
12:18 Spirit Tower
12:24 Slaughterhouse
12:33 Slaughterhouse
14:48 Sacrificial Pit
14:51 Sacrificial Pit
» items
| Rod of Necromancy | 3 | |
| Sacrificial Skull | 6 | |
| Scroll of Town Portal | 1 | |
| Potion of Lesser Invulnerability | 2 | |
| Periapt of Vitality | 1 | |
| Potion of Healing | 1 | |
| Tiny Great Hall | 1 | |
| Orb of Lightning | 1 | |
| Scroll of Healing | 1 | |
17 total
DUMBO-FOUR (
yellow | 53 APM | 1297 actions | 24:25)
3 Blademaster
2 Wind Walk
1 Critical Strike
2 Shadow Hunter
1 Hex
1 Healing Wave
» actions
| Assign group hotkey | 35 | |
| Basic commands | 80 | |
| Build / train | 45 | |
| Enter build submenu | 18 | |
| Enter hero's abilities submenu | 5 | |
| Give item / drop item | 1 | |
| Remove unit from queue | 1 | |
| Right click | 544 | |
| Select / deselect | 142 | |
| Select group hotkey | 353 | |
| Use ability | 73 | |
1297 total
» units
» upgrades
| Ranged Weapons | 3 | |
| Armor | 1 | |
| Reinforced Defenses | 1 | |
| Envenomed Spears | 1 | |
6 total
» buildings
| Altar of Storms | 1 | |
| Orc Burrow | 4 | |
| War Mill | 1 | |
| Voodoo Lounge | 1 | |
| Watch Tower | 6 | |
| Stronghold | 1 | |
| Beastiary | 3 | |
| Fortress | 2 | |
19 total
» build order
00:08 Altar of Storms
00:21 Orc Burrow
00:40 War Mill
01:24 Voodoo Lounge
01:54 Watch Tower
02:09 Watch Tower
02:41 Watch Tower
03:20 Stronghold
03:37 Watch Tower
03:48 Orc Burrow
04:19 Orc Burrow
04:47 Watch Tower
04:48 Watch Tower
05:45 Beastiary
05:54 Beastiary
06:19 Orc Burrow
10:02 Fortress
10:03 Fortress
13:47 Beastiary
» items
| Healing Salve | 1 | |
| Lesser Clarity Potion | 3 | |
| Staff of Teleportation | 2 | |
| Boots of Speed | 1 | |
| Scroll of Town Portal | 1 | |
| Tiny Great Hall | 1 | |
| Orb of Lightning | 1 | |
10 total
Petrovich (
orange | 21 APM | 418 actions | 20:06)
2 Blademaster
1 Wind Walk
1 Critical Strike
» actions
| Basic commands | 17 | |
| Build / train | 42 | |
| Enter build submenu | 19 | |
| Enter hero's abilities submenu | 2 | |
| Right click | 142 | |
| Select / deselect | 166 | |
| Use ability | 30 | |
418 total
» units
| Peon | 9 | |
| Shaman | 3 | |
| Wind Rider | 11 | |
| Raider | 1 | |
24 total
» upgrades
| Armor | 3 | |
| Ranged Weapons | 3 | |
| Shaman Training | 2 | |
| Reinforced Defenses | 1 | |
9 total
» buildings
| Orc Burrow | 5 | |
| Altar of Storms | 1 | |
| Voodoo Lounge | 1 | |
| War Mill | 1 | |
| Stronghold | 1 | |
| Fortress | 1 | |
| Spirit Lodge | 2 | |
| Beastiary | 3 | |
| Watch Tower | 4 | |
19 total
» build order
00:08 Orc Burrow
00:12 Altar of Storms
01:14 Voodoo Lounge
01:22 War Mill
02:45 Stronghold
03:53 Orc Burrow
05:13 Fortress
05:16 Spirit Lodge
05:38 Spirit Lodge
07:24 Beastiary
07:29 Beastiary
09:11 Watch Tower
09:15 Watch Tower
09:37 Orc Burrow
09:48 Orc Burrow
10:29 Watch Tower
10:39 Watch Tower
15:10 Orc Burrow
17:37 Beastiary
» items
| Lesser Clarity Potion | 1 | |
| Boots of Speed | 1 | |
| Orb of Lightning | 1 | |
3 total
team 2 (loser)

»
WC_and_chill (
red | 40 APM | 330 actions | 08:19)
2 Blademaster
1 Wind Walk
1 Critical Strike
» actions
| Assign group hotkey | 14 | |
| Basic commands | 1 | |
| Build / train | 21 | |
| Enter build submenu | 12 | |
| Enter hero's abilities submenu | 2 | |
| Remove unit from queue | 1 | |
| Right click | 136 | |
| Select / deselect | 104 | |
| Select group hotkey | 15 | |
| Use ability | 24 | |
330 total
» units
» upgrades
| Armor | 1 | |
| Troll Regeneration | 0 | |
| Melee Weapons | 1 | |
2 total
» buildings
| Orc Burrow | 3 | |
| Altar of Storms | 1 | |
| Barracks | 1 | |
| Voodoo Lounge | 1 | |
| War Mill | 1 | |
| Stronghold | 1 | |
| Fortress | 1 | |
| Spirit Lodge | 2 | |
11 total
» build order
00:08 Orc Burrow
00:21 Altar of Storms
00:40 Barracks
01:25 Orc Burrow
02:28 Voodoo Lounge
02:48 War Mill
03:40 Stronghold
03:51 Orc Burrow
06:48 Fortress
06:50 Spirit Lodge
06:54 Spirit Lodge
» items
| Healing Salve | 1 | |
| Lesser Clarity Potion | 2 | |
3 total

»
ScroLL.aBuSe (
green | 60 APM | 864 actions | 14:18)
3 Demon Hunter
2 Mana Burn
1 Evasion
1 Keeper of the Grove
1 Entangling Roots
1 Tauren Chieftain
1 War Stomp
1 Priestess of the Moon
1 Trueshot Aura
» actions
| Assign group hotkey | 20 | |
| Build / train | 44 | |
| Enter build submenu | 16 | |
| Enter hero's abilities submenu | 6 | |
| Right click | 442 | |
| Select / deselect | 179 | |
| Select group hotkey | 108 | |
| Use ability | 49 | |
864 total
» units
| Wisp | 13 | |
| Archer | 3 | |
| Huntress | 3 | |
| Dryad | 9 | |
28 total
» upgrades
| Abolish Magic | 1 | |
| Reinforced Hides | 1 | |
| Strength of the Wild | 1 | |
| Shaman Training | 1 | |
4 total
» buildings
| Altar of Elders | 1 | |
| Moon Well | 7 | |
| Ancient of War | 1 | |
| Hunter's Hall | 1 | |
| Tree of Ages | 1 | |
| Ancient of Wonders | 1 | |
| Tree of Life | 2 | |
| Ancient of Lore | 1 | |
| Tree of Eternity | 1 | |
| Ancient of Wind | 1 | |
17 total
» build order
00:08 Altar of Elders
00:19 Moon Well
01:03 Ancient of War
01:20 Moon Well
02:19 Moon Well
02:44 Hunter's Hall
03:27 Tree of Ages
03:57 Ancient of Wonders
04:49 Moon Well
06:09 Tree of Life
06:30 Ancient of Lore
08:32 Tree of Eternity
08:36 Tree of Life
09:50 Moon Well
09:53 Moon Well
09:54 Moon Well
13:04 Ancient of Wind
DeathToHackers (
pink | 55 APM | 1353 actions | 24:25)
7 Blademaster
3 Wind Walk
3 Critical Strike
1 Bladestorm
» actions
| Assign group hotkey | 49 | |
| Basic commands | 13 | |
| Build / train | 61 | |
| Enter build submenu | 39 | |
| Enter hero's abilities submenu | 7 | |
| Give item / drop item | 1 | |
| Remove unit from queue | 2 | |
| Right click | 665 | |
| Select / deselect | 274 | |
| Select group hotkey | 124 | |
| Use ability | 118 | |
1353 total
» units
| Peon | 24 | |
| Grunt | 4 | |
| Troll Batrider | 11 | |
39 total
» upgrades
| Armor | 2 | |
| Troll Regeneration | 1 | |
| Reinforced Defenses | 1 | |
| Liquid Fire | 1 | |
| Ranged Weapons | 1 | |
6 total
» buildings
| Orc Burrow | 4 | |
| Altar of Storms | 1 | |
| Barracks | 1 | |
| Voodoo Lounge | 1 | |
| Stronghold | 1 | |
| War Mill | 2 | |
| Great Hall | 2 | |
| Watch Tower | 21 | |
| Beastiary | 6 | |
| Fortress | 1 | |
40 total
» build order
00:11 Orc Burrow
01:00 Orc Burrow
01:09 Altar of Storms
01:11 Barracks
02:06 Voodoo Lounge
02:51 Stronghold
03:53 War Mill
04:13 Orc Burrow
05:14 Great Hall
05:24 Watch Tower
05:24 Watch Tower
05:42 Watch Tower
08:03 Watch Tower
08:04 Watch Tower
08:04 Watch Tower
08:08 Watch Tower
08:08 Watch Tower
08:20 Watch Tower
08:21 Watch Tower
09:34 Beastiary
10:07 Beastiary
10:07 Beastiary
10:31 Watch Tower
10:31 Watch Tower
10:32 Watch Tower
10:35 Watch Tower
11:00 Beastiary
11:03 Beastiary
11:10 Fortress
12:22 War Mill
15:02 Orc Burrow
18:16 Great Hall
18:19 Watch Tower
18:19 Watch Tower
18:19 Watch Tower
18:20 Watch Tower
18:22 Watch Tower
18:23 Watch Tower
18:24 Watch Tower
» items
| Healing Salve | 1 | |
| Orb of Lightning | 1 | |
| Potion of Healing | 2 | |
4 total

»
Side_pr0ject (
blue | 51 APM | 670 actions | 13:15)
2 Archmage
1 Summon Water Elemental
1 Brilliance Aura
1 Paladin
1 Holy Light
» actions
| Assign group hotkey | 16 | |
| Basic commands | 62 | |
| Build / train | 46 | |
| Enter build submenu | 16 | |
| Enter hero's abilities submenu | 3 | |
| Right click | 244 | |
| Select / deselect | 194 | |
| Select group hotkey | 55 | |
| Use ability | 34 | |
670 total
» units
| Peasant | 8 | |
| Footman | 4 | |
| Rifleman | 4 | |
| Sorceress | 4 | |
| Priest | 3 | |
| Shaman | 2 | |
| Grunt | 1 | |
26 total
» upgrades
| Long Rifles | 1 | |
| Gunpowder | 1 | |
| Armor | 1 | |
| Sorceress Training | 1 | |
| Priest Training | 1 | |
| Magic Sentry | 1 | |
| Shaman Training | 1 | |
7 total
» buildings
| Altar of Kings | 1 | |
| Farm | 8 | |
| Barracks | 1 | |
| Scout Tower | 2 | |
| Lumber Mill | 1 | |
| Arcane Tower | 1 | |
| Arcane Vault | 1 | |
| Keep | 1 | |
| Blacksmith | 1 | |
| Arcane Sanctum | 2 | |
| Guard Tower | 1 | |
20 total
» build order
00:09 Altar of Kings
00:15 Farm
00:17 Barracks
00:52 Farm
01:30 Scout Tower
01:44 Lumber Mill
02:02 Arcane Tower
03:19 Arcane Vault
03:25 Farm
03:25 Farm
03:36 Keep
04:42 Blacksmith
05:40 Scout Tower
06:11 Arcane Sanctum
06:12 Arcane Sanctum
06:15 Guard Tower
08:07 Farm
08:07 Farm
08:12 Farm
08:13 Farm
» items
| Scroll of Regeneration | 2 | |
| Lesser Clarity Potion | 1 | |
| Scroll of Town Portal | 2 | |
5 total
Chat log
(01:44 / Allies) DUMBO-FOUR: cc
(02:15 / All) DUMBO-FOUR: porn?
(06:18 / Allies) imaschoolboytoo: careful they mid
(06:22 / Allies) imaschoolboytoo: you should force tp
(08:25 / All) fatf4ggotjake: why did that retard leave
(08:38 / All) DeathToHackers: you went straight for those grunts
(08:50 / All) fatf4ggotjake: I didn't go for anything
(08:52 / All) fatf4ggotjake: just been creeping
(11:38 / Allies) imaschoolboytoo: oj come
(12:43 / Allies) fatf4ggotjake: ty
(12:48 / All) DeathToHackers: did purple even scout
(12:49 / All) DeathToHackers: left corner
(13:17 / All) fatf4ggotjake: LOL
(13:21 / All) fatf4ggotjake: raped
(13:25 / All) DeathToHackers: nice running before you even have vision
(14:06 / All) fatf4ggotjake: raped
(14:07 / All) fatf4ggotjake: lol
(14:30 / Allies) DUMBO-FOUR: wood mepurp
(15:28 / Allies) fatf4ggotjake: wood me
(15:33 / Allies) fatf4ggotjake: wood me purp
(15:35 / Allies) fatf4ggotjake: you got tons
(15:42 / Allies) fatf4ggotjake: purp wood me
(15:53 / Allies) fatf4ggotjake: purp wtf
(15:57 / Allies) fatf4ggotjake: you have 1k wood purp
(16:04 / Allies) fatf4ggotjake: lumber hoarder
(16:06 / Allies) fatf4ggotjake: purp wood me
(16:08 / All) DUMBO-FOUR: lawl
(16:11 / All) DUMBO-FOUR: nigger purple
(16:17 / All) DUMBO-FOUR: "shouldnt go orc air twice"
(16:21 / All) DUMBO-FOUR: dumbfuck
(16:24 / Allies) fatf4ggotjake: wood me purp
(16:26 / Allies) fatf4ggotjake: or I kill you
(16:27 / Allies) fatf4ggotjake: wood me now
(16:34 / Allies) fatf4ggotjake: wood purp
(16:36 / Allies) fatf4ggotjake: wood now
(16:39 / Allies) fatf4ggotjake: maphacker, give me wood
(16:51 / Allies) fatf4ggotjake: wood me hacker
(16:54 / Allies) fatf4ggotjake: lumber hoarder mher!
(17:18 / All) DUMBO-FOUR: purp knows its mee!
(17:21 / Allies) DUMBO-FOUR: die purple sh
(17:29 / All) DeathToHackers: hacker down again
(17:53 / All) DeathToHackers: 2 losses for schoolboy
(17:59 / All) fatf4ggotjake: Purp is a lumber hoarder too
(18:00 / All) DeathToHackers: a lil justice in a fucked up hacker world
(18:02 / All) fatf4ggotjake: 1k wood and wouldn't share any
(18:03 / All) DUMBO-FOUR: he definitely hacks
(18:10 / All) DUMBO-FOUR: he cloned his wyverns before scouting ur towers
(18:22 / Allies) fatf4ggotjake: help kill orange wyvs
(18:42 / All) DUMBO-FOUR: i actually wanted pink to killu rheor lawl
(18:44 / All) DeathToHackers: red was a pussy
(19:44 / Allies) fatf4ggotjake: move bm yel
(19:52 / Allies) fatf4ggotjake: ty
(19:54 / Allies) fatf4ggotjake: thanks for the base orange
(20:03 / Allies) fatf4ggotjake: I'll make good use of it
(20:07 / All) DUMBO-FOUR: all hacker puprle can do , is keep one batrider alive
(20:16 / All) DeathToHackers: lel
(21:05 / All) DUMBO-FOUR: how did my expo die i didnt even see, i mean iw anted it to die just didnt know how
(21:11 / All) DeathToHackers: 2 bats
(21:37 / All) DUMBO-FOUR: love tap time rod u earned it
(21:45 / All) DUMBO-FOUR: its dead
(21:49 / All) DeathToHackers: tt
(21:58 / All) fatf4ggotjake: lawl
(22:10 / All) DUMBO-FOUR: 100% hacker purple is still here
(22:32 / All) fatf4ggotjake: man
(22:36 / All) fatf4ggotjake: I love cleanup as undead
(22:39 / All) fatf4ggotjake: unsummoning my stuff
(22:59 / All) fatf4ggotjake: It's so chill
(23:03 / All) DeathToHackers: have 2 +5 rings of protect
(23:16 / All) DeathToHackers: and crown of kings
(23:27 / All) fatf4ggotjake: where
(23:35 / All) DeathToHackers: mid
(23:47 / All) fatf4ggotjake: not sure I can get them befoe game ends lol
(24:07 / All) DeathToHackers: I mean I have them lawl
(24:12 / All) fatf4ggotjake: oh
(24:15 / All) fatf4ggotjake: LOL